| TOP OF THE 1ST |
|
Charlotte Hornets batting - Pitching for Mobile Bears : RHP Ismael Sagastume
|
|
Pitching: RHP Ismael Sagastume
|
|
|
Batting: RHB Charles Stafford
|
0-0: Ball 1-0: Ball 2-0: Swinging Strike 2-1: Called Strike 2-2: Strikes out swinging
|
|
Batting: RHB Juan Bonilla
|
0-0: Swinging Strike 0-1: Ball 1-1: Foul Ball, location: 2F 1-2: Fly out, F8 (Flyball, 8LS, EV 84.4 MPH)
|
|
Batting: RHB Ron Johnson
|
0-0: Ball 1-0: Ball 2-0: Ball 3-0: Base on Balls
|
|
Batting: RHB Tom Romano
|
0-0: Called Strike 0-1: Ball 1-1: Foul Ball, location: 2F 1-2: Ball 2-2: Ball 3-2: Strikes out swinging, 2-3 out at first.
|
| Top of the 1st over - 0 runs, 0 hits, 0 errors, 1 left on base; Charlotte 0 - Mobile 0 |
| BOTTOM OF THE 1ST |
|
Mobile Bears batting - Pitching for Charlotte Hornets : LHP Ken Dayley
|
|
Pitching: LHP Ken Dayley
|
|
|
Batting: LHB Jeffrey Szczecinski
|
0-0: Ball 1-0: Foul Ball, location: 2F 1-1: Ball 2-1: Fly out, F6 (Popup, 6M, EV 76.3 MPH)
|
|
Batting: RHB Bob Hendershot
|
0-0: Ball 1-0: Ball 2-0: Foul Ball, location: 2F 2-1: Foul Ball, location: 2F 2-2: Fly out, F8 (Flyball, 8LD, EV 101.9 MPH)
|
|
Batting: LHB Franklin Stubbs
|
0-0: Called Strike 0-1: Fly out, F7 (Flyball, 7D, EV 106.3 MPH)
|
| Bottom of the 1st over - 0 runs, 0 hits, 0 errors, 0 left on base; Charlotte 0 - Mobile 0 |
| TOP OF THE 2ND |
|
Charlotte Hornets batting - Pitching for Mobile Bears : RHP Ismael Sagastume
|
|
Batting: RHB Alvaro Espinoza
|
0-0: Swinging Strike 0-1: Ball 1-1: Swinging Strike 1-2: Ground out 5-3 (Groundball, 56S, EV 85.6 MPH)
|
|
Batting: LHB Jesus Diaz
|
0-0: Called Strike 0-1: Ball 1-1: Swinging Strike 1-2: Foul Ball, location: 2F 1-2: DOUBLE (Flyball, 8RXD, EV 110.6 MPH)
|
|
Batting: SHB Jose Mota
|
0-0: Ball 1-0: Foul Ball, location: 2F 1-1: Ground out 6-3 (Groundball, 6, EV 86.9 MPH) Jesus Diaz to third
|
|
Batting: RHB John O'Rear
|
0-0: Ball 1-0: Foul Ball, location: 2F 1-1: Ball 2-1: SINGLE (Line Drive, 8LS, EV 96.3 MPH) Jesus Diaz scores
|
|
Batting: RHB Richard Bradley
|
0-0: Foul Ball, location: 2F 0-1: Foul Ball, location: 2F 0-2: Ball 1-2: Ball 2-2: Strikes out swinging
|
| Top of the 2nd over - 1 run, 2 hits, 0 errors, 1 left on base; Charlotte 1 - Mobile 0 |
| BOTTOM OF THE 2ND |
|
Mobile Bears batting - Pitching for Charlotte Hornets : LHP Ken Dayley
|
|
Batting: RHB Jose Aguirre
|
0-0: Ball 1-0: Foul Ball, location: 2F 1-1: Ball 2-1: Ground out 6-3 (Groundball, 6, EV 97.5 MPH)
|
|
Batting: RHB Alfred Welch
|
0-0: Called Strike 0-1: Ball 1-1: Called Strike 1-2: SINGLE (Groundball, 34S, EV 93.8 MPH) (infield hit)
|
|
Batting: SHB Paul Hundhammer
|
0-0: Called Strike 0-1: Ball 1-1: Foul Ball, location: 2F 1-2: Ball 2-2: Foul Ball, location: 2F 2-2: Foul Ball, location: 2F 2-2: 2-RUN HOME RUN (Flyball, 78XD, EV 97.5 MPH), Distance : 433 ft
|
|
Batting: RHB Jim Opie
|
0-0: Foul Ball, location: 2F 0-1: Swinging Strike 0-2: Ball 1-2: Foul Ball, location: 2F 1-2: Foul Ball, location: 2F 1-2: Ball 2-2: Foul Ball, location: 2F 2-2: Ball 3-2: Strikes out looking and he ARGUES THE CALL AND IS TOSSED!
|
|
Batting: LHB Douglas Latrenta
|
0-0: Ball 1-0: Ball 2-0: Ball 3-0: Base on Balls
|
|
Batting: RHB Walter Steele
|
0-0: Ball Passed Ball! Douglas Latrenta to second 1-0: Foul Ball, location: 2F 1-1: Ball 2-1: SINGLE (Line Drive, 34D, EV 106.9 MPH) Douglas Latrenta to third Runner from 3rd tries for Home, SAFE, throw by RF to home
|
|
Batting: LHB Jeffrey Szczecinski
|
0-0: Foul Ball, location: 2F 0-1: Ball 1-1: Ball 2-1: Ground out U3 (Groundball, 3, EV 103.1 MPH)
|
| Bottom of the 2nd over - 3 runs, 3 hits, 0 errors, 1 left on base; Charlotte 1 - Mobile 3 |
| TOP OF THE 3RD |
|
Charlotte Hornets batting - Pitching for Mobile Bears : RHP Ismael Sagastume
|
|
Now at SS: Dave Cochrane
|
|
|
Batting: RHB Charles Stafford
|
0-0: Foul Ball, location: 2F 0-1: Ball 1-1: Ball 2-1: Foul Ball, location: 2F 2-2: Ball 3-2: Strikes out swinging
|
|
Batting: RHB Juan Bonilla
|
0-0: Called Strike 0-1: Ball 1-1: Ball 2-1: Swinging Strike 2-2: Ball 3-2: Foul Ball, location: 2F 3-2: Base on Balls
|
|
Batting: RHB Ron Johnson
|
0-0: Ball 1-0: Ball 2-0: Foul Ball, location: 2F 2-1: Ball 3-1: Base on Balls Juan Bonilla to second
|
|
Batting: RHB Tom Romano
|
0-0: Ball 1-0: Called Strike 1-1: Ball 2-1: SINGLE (Groundball, 25, EV 76.3 MPH) (infield hit) Juan Bonilla to third Ron Johnson to second
|
|
Batting: RHB Alvaro Espinoza
|
0-0: Ball 1-0: Called Strike 1-1: SINGLE (Groundball, 6, EV 99.4 MPH) Juan Bonilla scores Ron Johnson to third Tom Romano to second Runner from 3rd tries for Home, SAFE, throw by LF to home
|
|
Batting: LHB Jesus Diaz
|
0-0: Called Strike 0-1: Ball 1-1: Ball 2-1: Foul Ball, location: 2F 2-2: Foul Ball, location: 2F 2-2: Ball 3-2: Foul Ball, location: 2F 3-2: Foul Ball, location: 2F 3-2: Foul Ball, location: 2F 3-2: Base on Balls Tom Romano to third Alvaro Espinoza to second
|
|
Batting: SHB Jose Mota
|
0-0: Ball 1-0: Swinging Strike 1-1: Called Strike 1-2: Foul Ball, location: 2F 1-2: Strikes out looking
|
|
Batting: RHB John O'Rear
|
0-0: Ball 1-0: Swinging Strike 1-1: Foul Ball, location: 2F 1-2: Foul Ball, location: 2F 1-2: Foul Ball, location: 2F 1-2: Strikes out looking
|
| Top of the 3rd over - 2 runs, 2 hits, 0 errors, 3 left on base; Charlotte 3 - Mobile 3 |
| BOTTOM OF THE 3RD |
|
Mobile Bears batting - Pitching for Charlotte Hornets : LHP Ken Dayley
|
|
Batting: RHB Bob Hendershot
|
0-0: Ball 1-0: Swinging Strike 1-1: Swinging Strike 1-2: Ball 2-2: Strikes out swinging
|
|
Batting: LHB Franklin Stubbs
|
0-0: Ball 1-0: Swinging Strike 1-1: Ball 2-1: Foul Ball, location: 2F 2-2: Ball 3-2: Ground out 4-3 (Groundball, 4, EV 84.4 MPH)
|
|
Batting: RHB Jose Aguirre
|
0-0: Called Strike 0-1: Fly out, F8 (Flyball, 89XD, EV 91.9 MPH)
|
| Bottom of the 3rd over - 0 runs, 0 hits, 0 errors, 0 left on base; Charlotte 3 - Mobile 3 |
| TOP OF THE 4TH |
|
Charlotte Hornets batting - Pitching for Mobile Bears : RHP Ismael Sagastume
|
|
Batting: RHB Richard Bradley
|
0-0: Ball 1-0: Ground out 6-3 (Groundball, 6, EV 91.3 MPH)
|
|
Batting: RHB Charles Stafford
|
0-0: Ball 1-0: Foul Ball, location: 2F 1-1: Foul Ball, location: 2F 1-2: Foul Ball, location: 2F 1-2: Strikes out swinging
|
|
Batting: RHB Juan Bonilla
|
0-0: SINGLE (Groundball, 6MD, EV 108.8 MPH)
|
|
Batting: RHB Ron Johnson
|
0-0: Ball 1-0: Ball 2-0: Ball 3-0: Base on Balls Juan Bonilla to second
|
|
Batting: RHB Tom Romano
|
0-0: Foul Ball, location: 2F 0-1: Ball 1-1: Swinging Strike 1-2: Ball 2-2: SINGLE (Line Drive, 9S, EV 92.5 MPH) Juan Bonilla to third Ron Johnson to second Runner from 3rd tries for Home, SAFE, throw by RF to home
|
|
Batting: RHB Alvaro Espinoza
|
0-0: Ball 1-0: Called Strike 1-1: Ball 2-1: Fly out, F7 (Flyball, 78D, EV 100.6 MPH)
|
| Top of the 4th over - 1 run, 2 hits, 0 errors, 2 left on base; Charlotte 4 - Mobile 3 |
| BOTTOM OF THE 4TH |
|
Mobile Bears batting - Pitching for Charlotte Hornets : LHP Ken Dayley
|
|
Batting: RHB Alfred Welch
|
0-0: Called Strike 0-1: Ball 1-1: Ball 2-1: Swinging Strike 2-2: Foul Ball, location: 2F 2-2: Foul Ball, location: 2F 2-2: Foul Ball, location: 2F 2-2: Ball 3-2: Base on Balls
|
|
Batting: SHB Paul Hundhammer
|
0-0: Ball 1-0: Foul Ball, location: 2F 1-1: Ball 2-1: Ball 3-1: Called Strike 3-2: Strikes out swinging Alfred Welch steals 2nd base Batter strikes out.
|
|
Batting: SHB Dave Cochrane
|
0-0: Ball 1-0: Swinging Strike 1-1: Ball 2-1: Ball 3-1: Ground out 6-3 (Groundball, 6, EV 85.6 MPH)
|
|
Batting: LHB Douglas Latrenta
|
0-0: Called Strike 0-1: Foul Ball, location: 2F 0-2: Fly out, F8 (Flyball, 8RXD, EV 100.0 MPH)
|
| Bottom of the 4th over - 0 runs, 0 hits, 0 errors, 1 left on base; Charlotte 4 - Mobile 3 |
| TOP OF THE 5TH |
|
Charlotte Hornets batting - Pitching for Mobile Bears : RHP Ismael Sagastume
|
|
Batting: LHB Jesus Diaz
|
0-0: Called Strike 0-1: Ball 1-1: Hit by Pitch
|
|
Batting: SHB Jose Mota
|
0-0: Foul Ball, location: 2F 0-1: Ball 1-1: Foul Ball, location: 2F 1-2: Strikes out looking
|
|
Batting: RHB John O'Rear
|
0-0: Ball Jesus Diaz is caught stealing 2nd base 2-4 1-0: Ball 2-0: Fly out, F7 (Flyball, 7D, EV 97.5 MPH)
|
| Top of the 5th over - 0 runs, 0 hits, 0 errors, 0 left on base; Charlotte 4 - Mobile 3 |
| BOTTOM OF THE 5TH |
|
Mobile Bears batting - Pitching for Charlotte Hornets : LHP Ken Dayley
|
|
Batting: RHB Walter Steele
|
0-0: Ball 1-0: Ball 2-0: Foul Ball, location: 2F 2-1: Foul Ball, location: 2F 2-2: Ball 3-2: Foul Ball, location: 2F 3-2: Ground out 5-3 (Groundball, 56S, EV 76.9 MPH)
|
|
Batting: LHB Jeffrey Szczecinski
|
0-0: Called Strike 0-1: Called Strike 0-2: Ball 1-2: Foul Ball, location: 2F 1-2: Fly out, F8 (Flyball, 78D, EV 98.8 MPH)
|
|
Batting: RHB Bob Hendershot
|
0-0: Ball 1-0: Foul Ball, location: 2F 1-1: Ball 2-1: Called Strike 2-2: Strikes out swinging
|
| Bottom of the 5th over - 0 runs, 0 hits, 0 errors, 0 left on base; Charlotte 4 - Mobile 3 |
| TOP OF THE 6TH |
|
Charlotte Hornets batting - Pitching for Mobile Bears : RHP Ismael Sagastume
|
|
Batting: RHB Richard Bradley
|
0-0: Foul Ball, location: 2F 0-1: Ball 1-1: Ball 2-1: Ball 3-1: Foul Ball, location: 2F 3-2: Base on Balls
|
|
Batting: RHB Charles Stafford
|
0-0: SINGLE (Line Drive, 8LS, EV 105.0 MPH) Richard Bradley to second
|
|
Batting: RHB Juan Bonilla
|
0-0: Called Strike 0-1: Ball 1-1: Ball 2-1: SINGLE (Line Drive, 89M, EV 98.8 MPH) Richard Bradley to third Charles Stafford to second
|
|
Batting: RHB Ron Johnson
|
0-0: Hit by Pitch Richard Bradley scores Charles Stafford to third Juan Bonilla to second
|
|
Pitching: RHP Wayne Guinn
|
|
|
Batting: RHB Tom Romano
|
0-0: SINGLE (Line Drive, 4MD, EV 95.6 MPH) Charles Stafford scores Juan Bonilla to third Ron Johnson to second Runner from 3rd tries for Home, SAFE, throw by CF to home
|
|
Batting: RHB Alvaro Espinoza
|
0-0: Ball 1-0: Ball 2-0: Fly out, F9 (Flyball, 89XD, EV 96.9 MPH) Runner from 2nd tags up, SAFE at 3rd, no throw by RF
|
|
Batting: LHB Jesus Diaz
|
0-0: Called Strike 0-1: Fly out, F8 (Line Drive, 8LM, EV 91.9 MPH) Runner from 3rd tags up, SCORES, no throw by CF
|
|
Batting: SHB Jose Mota
|
0-0: Ball 1-0: Foul Ball, location: 2F 1-1: SINGLE (Groundball, 56D, EV 99.4 MPH) Tom Romano to second
|
|
Batting: RHB John O'Rear
|
0-0: Swinging Strike 0-1: Swinging Strike Passed Ball! Tom Romano to third Jose Mota to second 0-2: Ball 1-2: Strikes out swinging
|
| Top of the 6th over - 4 runs, 4 hits, 0 errors, 2 left on base; Charlotte 8 - Mobile 3 |
| BOTTOM OF THE 6TH |
|
Mobile Bears batting - Pitching for Charlotte Hornets : LHP Ken Dayley
|
|
Pitching: RHP Roger Begue
|
|
|
Batting: LHB Franklin Stubbs
|
0-0: Swinging Strike 0-1: Ball 1-1: Fly out, F4 (Popup, 23, EV 90.6 MPH)
|
|
Batting: RHB Jose Aguirre
|
0-0: Foul Ball, location: 2F 0-1: Ball 1-1: Fly out, F8 (Flyball, 8RM, EV 73.1 MPH)
|
|
Batting: RHB Alfred Welch
|
0-0: Called Strike 0-1: Ball 1-1: Ball 2-1: Ball 3-1: Foul Ball, location: 2F 3-2: Strikes out swinging
|
| Bottom of the 6th over - 0 runs, 0 hits, 0 errors, 0 left on base; Charlotte 8 - Mobile 3 |
| TOP OF THE 7TH |
|
Charlotte Hornets batting - Pitching for Mobile Bears : RHP Wayne Guinn
|
|
Batting: RHB Richard Bradley
|
0-0: Foul Ball, location: 2F 0-1: Ground out 5-3 (Groundball, 56, EV 88.8 MPH)
|
|
Batting: RHB Charles Stafford
|
0-0: Ball 1-0: Ball 2-0: Ball 3-0: Base on Balls
|
|
Batting: RHB Juan Bonilla
|
0-0: Ball 1-0: Swinging Strike 1-1: Called Strike 1-2: Grounds into double play, 5-4-3 (Groundball, 56, EV 93.8 MPH)
|
| Top of the 7th over - 0 runs, 0 hits, 0 errors, 0 left on base; Charlotte 8 - Mobile 3 |
| BOTTOM OF THE 7TH |
|
Mobile Bears batting - Pitching for Charlotte Hornets : RHP Roger Begue
|
|
Batting: SHB Paul Hundhammer
|
0-0: Called Strike 0-1: Ball 1-1: Ball 2-1: Ball 3-1: Called Strike 3-2: SOLO HOME RUN (Flyball, 9D, EV 94.4 MPH) (Inside the Park)
|
|
Pitching: RHP Earl Weaver
|
|
|
Batting: SHB Dave Cochrane
|
0-0: Called Strike 0-1: Ball 1-1: Called Strike 1-2: Ball 2-2: Strikes out looking
|
|
Batting: LHB Douglas Latrenta
|
0-0: Ball 1-0: Ball 2-0: Ground out 5-3 (Groundball, 56S, EV 73.1 MPH)
|
|
Batting: RHB Walter Steele
|
0-0: Ball 1-0: Called Strike 1-1: Ball 2-1: Fly out, F8 (Flyball, 8RM, EV 88.1 MPH)
|
| Bottom of the 7th over - 1 run, 1 hit, 0 errors, 0 left on base; Charlotte 8 - Mobile 4 |
| TOP OF THE 8TH |
|
Charlotte Hornets batting - Pitching for Mobile Bears : RHP Wayne Guinn
|
|
Batting: RHB Ron Johnson
|
0-0: Ball 1-0: Ball 2-0: Ball 3-0: Foul Ball, location: 2F 3-1: Called Strike 3-2: Foul Ball, location: 2F 3-2: SINGLE (Line Drive, 78S, EV 104.4 MPH)
|
|
Batting: RHB Tom Romano
|
0-0: Ball 1-0: Ball 2-0: Called Strike 2-1: Fielders Choice at 2nd, 6-4 (Groundball, 6, EV 80.0 MPH)
|
|
Batting: RHB Alvaro Espinoza
|
0-0: Called Strike 0-1: Ball 1-1: Ball 2-1: Fly out, F8 (Flyball, 78D, EV 85.0 MPH)
|
|
Batting: LHB Jesus Diaz
|
0-0: Ball 1-0: Ball 2-0: Foul Ball, location: 2F 2-1: Ball 3-1: Swinging Strike 3-2: Base on Balls Tom Romano to second
|
|
Batting: SHB Jose Mota
|
0-0: Ball 1-0: Ball 2-0: Ball 3-0: Fly out, F8 (Flyball, 78M, EV 90.0 MPH)
|
| Top of the 8th over - 0 runs, 1 hit, 0 errors, 2 left on base; Charlotte 8 - Mobile 4 |
| BOTTOM OF THE 8TH |
|
Mobile Bears batting - Pitching for Charlotte Hornets : RHP Earl Weaver
|
|
Batting: LHB Jeffrey Szczecinski
|
0-0: Called Strike 0-1: Ball 1-1: Fly out, F8 (Flyball, 8LD, EV 97.5 MPH)
|
|
Batting: RHB Bob Hendershot
|
0-0: Ball 1-0: Ball 2-0: Called Strike 2-1: Called Strike 2-2: Fly out, F8 (Line Drive, 8LD, EV 101.9 MPH)
|
|
Batting: LHB Franklin Stubbs
|
0-0: Swinging Strike 0-1: Ball 1-1: Foul Ball, location: 2F 1-2: Fly out, F8 (Flyball, 8RD, EV 105.6 MPH)
|
| Bottom of the 8th over - 0 runs, 0 hits, 0 errors, 0 left on base; Charlotte 8 - Mobile 4 |
| TOP OF THE 9TH |
|
Charlotte Hornets batting - Pitching for Mobile Bears : RHP Wayne Guinn
|
|
Batting: RHB John O'Rear
|
0-0: Called Strike 0-1: Ball 1-1: SINGLE (Line Drive, 78S, EV 106.3 MPH)
|
|
Batting: RHB Richard Bradley
|
0-0: Ball 1-0: Fly out, F4 (Popup, 4MD, EV 51.9 MPH)
|
|
Pitching: RHP Steven Wilcox
|
|
|
Batting: RHB Charles Stafford
|
0-0: Called Strike 0-1: Ball 1-1: Foul Ball, location: 2F 1-2: Foul Ball, location: 2F 1-2: Ball John O'Rear steals 2nd base 2-2: Strikes out swinging
|
|
Batting: RHB Juan Bonilla
|
0-0: SINGLE (Line Drive, 9S, EV 86.9 MPH) John O'Rear to third Runner from 3rd tries for Home, SAFE, throw by RF to home
|
|
Batting: RHB Ron Johnson
|
0-0: Called Strike 0-1: Ball 1-1: Foul Ball, location: 2F 1-2: Ground out 6-3 (Groundball, 6MS, EV 85.6 MPH)
|
| Top of the 9th over - 1 run, 2 hits, 0 errors, 1 left on base; Charlotte 9 - Mobile 4 |
| BOTTOM OF THE 9TH |
|
Mobile Bears batting - Pitching for Charlotte Hornets : RHP Earl Weaver
|
|
Batting: RHB Jose Aguirre
|
0-0: Fly out, F9 (Flyball, 9S, EV 87.5 MPH)
|
|
Batting: RHB Alfred Welch
|
0-0: Ball 1-0: Ground out 5-3 (Groundball, 56S, EV 65.6 MPH)
|
|
Batting: SHB Paul Hundhammer
|
0-0: Ball 1-0: Ball 2-0: Swinging Strike 2-1: Foul Ball, location: 2F 2-2: Ball 3-2: Base on Balls
|
|
Batting: SHB Dave Cochrane
|
0-0: SINGLE (Groundball, 34D, EV 98.8 MPH) Paul Hundhammer to second
|
|
Batting: LHB Douglas Latrenta
|
0-0: Ball 1-0: Ball Passed Ball! Paul Hundhammer to third Dave Cochrane to second 2-0: Swinging Strike 2-1: Ball 3-1: Base on Balls
|
|
Batting: RHB Walter Steele
|
0-0: Ground out 4-3 (Groundball, 4, EV 84.4 MPH)
|
| Bottom of the 9th over - 0 runs, 1 hit, 0 errors, 3 left on base; Charlotte 9 - Mobile 4 |
|